Map: Abiogenesis LE

Players

Neeb

  • Race: Protoss Protoss
  • Spawn Location: 5:00

SpeCial - Winner!

  • Race: Terran Terran
  • League: Master
  • Spawn Location: 11:00

Event: IEM Season 12 - PyeongChang

VOD

Have the link to the VOD?

Description

Time

  • Played on: Feb. 4, 2018, 5:11 p.m.
  • Length: 14:10

All games in this series

Show
View Real Time Build Order
Export as new Build Order

Neeb Protoss 

Build Orders: 1 Gate Expand, Archon Immortal 

Get SALT Encoding   

  12  0:00  Probe  
  13  0:12  Probe  
  14  0:17  Pylon  
  14  0:25  Probe  
  15  0:33  Assimilator  
  15  0:37  Probe (Chrono Boost)  
  15  0:42  Gateway  
  16  0:48  Probe (Chrono Boost)  
  17  0:53  Probe (Chrono Boost)  
  18  1:04  Probe  
  19  1:16  Probe  
  20  1:23  Nexus  
  20  1:35  Probe, Cybernetics Core  
  21  1:42  Assimilator  
  21  1:47  Probe  
  21  1:52  Pylon  
  22  1:59  Probe  
  23  2:09  Adept (Chrono Boost)  
  23  2:11  Probe  
  23  2:12  Warp Gate  
  25  2:24  Probe  
  25  2:26  Robotics Facility  
  26  2:30  Adept (Chrono Boost)  
  28  2:37  Probe  
  28  2:38  Probe  
  30  2:50  Probe  
  31  2:53  Probe  
  31  2:54  Adept (Chrono Boost)  
  34  3:02  Probe  
  34  3:05  Probe  
  36  3:10  Immortal (Chrono Boost)  
  36  3:14  Probe  
  36  3:19  Probe  
  42  3:24  Gateway  
  42  3:30  Gateway  
  42  3:31  Probe  
  42  3:34  Probe  
  44  3:43  Probe  
  46  3:53  Pylon  
  46  3:55  Probe  
  46  3:59  Pylon  
  46  4:03  Observer (Chrono Boost)  
  46  4:12  Probe x2  
  46  4:14  Forge, Twilight Council  
  48  4:21  Warp Prism (Chrono Boost)  
  48  4:22  Sentry x2  
  48  4:24  Probe x2  
  56  4:26  Pylon  
  56  4:34  Pylon  
  56  4:36  Probe x2  
  58  4:45  Assimilator  
  58  4:46  Assimilator  
  58  4:48  Probe x2  
  64  4:53  Protoss Ground Weapons Level 1 (Chrono Boost)  
  64  4:54  Blink (Chrono Boost)  
  64  5:00  Probe  
  66  5:07  Stalker  
  66  5:13  Stalker x2  
  67  5:14  Probe  
  67  5:15  Probe  
  68  5:21  Pylon  
  68  5:22  Immortal  
  68  5:26  Probe  
  68  5:27  Pylon  
  73  5:39  Probe  
  73  5:40  Probe  
  71  5:55  Gateway  
  69  5:59  Gateway  
  69  6:01  Gateway, Immortal  
  69  6:04  Gateway  
  73  6:06  Gateway  
  73  6:11  Stalker x2  
  77  6:20  Stalker  
  77  6:22  Pylon  
  77  6:24  Dark Shrine, Pylon  
  79  6:35  Protoss Ground Armor Level 1 (Chrono Boost)  
  79  6:46  Nexus, Pylon  
  79  6:49  Probe x2  
  79  6:50  Stalker  
  83  7:03  Charge  
  83  7:06  Stalker x2  
  83  7:07  Stalker x2  
  91  7:28  Immortal  
  91  7:29  Stalker x3  
  101  7:34  Probe  
  99  7:47  Stalker x3  
  93  7:59  Stalker x3  
  93  8:04  Stalker x2  
  89  8:05  Probe  
  89  8:09  Probe  
  89  8:11  Probe  
  86  8:18  Dark Templar x2, Probe  
  86  8:19  Sentry  
  85  8:22  Probe  
  85  8:23  Probe  
  87  8:31  Immortal (Chrono Boost)  
  89  8:45  Dark Templar x2  
  89  8:46  Zealot x2  
  97  8:52  Assimilator x2  
  95  8:56  Stalker, Archon  
  95  8:59  Zealot  
  95  9:01  Zealot x2  
  103  9:11  Zealot x2  
  107  9:18  Dark Templar x2  
  109  9:25  Dark Templar, Archon  
  109  9:27  Zealot x3  
  117  9:34  Pylon  
  85  9:49  Stalker x5  
  73  10:01  Dark Templar x2  
  73  10:02  Zealot  
  73  10:06  Archon  
  79  10:12  Zealot x5  
  83  10:23  Zealot  
  77  10:29  Stalker x4  
  77  10:30  Dark Templar  
  77  10:31  Dark Templar  
  81  10:36  Archon  
  81  10:37  Stalker  
  83  10:48  Immortal (Chrono Boost)  
  83  10:49  Stalker  
  83  10:56  Stalker  
  89  10:57  Zealot, Sentry x2  
  95  11:14  Zealot x3  
  95  11:17  Zealot  
  95  11:18  Zealot  
  103  11:22  Zealot  
  103  11:23  Zealot x2  
  99  11:43  Zealot x8  
  69  12:10  Probe  
  69  12:13  Dark Templar x8, Immortal (Chrono Boost)  
  76  12:17  Archon x2  
  76  12:18  Archon  
  80  12:27  Nexus  
  80  12:42  Immortal (Chrono Boost)  
  80  12:46  Sentry  
  80  12:47  Sentry  
  80  12:49  Dark Templar x2  
  88  13:11  Stalker, Dark Templar x3  
  88  13:12  Immortal (Chrono Boost)  
  98  13:15  Archon  
  98  13:26  Stalker x4  
  106  13:41  Stalker  
  96  13:44  Zealot x3  
  102  13:50  Zealot x2  
  102  13:51  Zealot x2  
  94  14:06  Stalker  
  94  14:07  Stalker x3  
Show
View Real Time Build Order
Export as new Build Order

SpeCial Terran - Winner!

Build Orders: Liberator Opening, Reaper Expand, Bio Tank 

Get SALT Encoding   

  12  0:00  SCV  
  13  0:13  SCV  
  14  0:17  Supply Depot  
  14  0:25  SCV  
  15  0:39  SCV  
  15  0:41  Barracks  
  16  0:44  Refinery  
  16  0:51  SCV  
  17  1:03  SCV  
  18  1:15  SCV  
  19  1:28  Reaper  
  19  1:29  Orbital Command  
  20  1:40  Command Center  
  20  1:52  Supply Depot  
  20  1:56  SCV  
  20  2:00  Marine  
  22  2:09  SCV  
  22  2:12  Factory  
  23  2:19  Engineering Bay  
  23  2:23  SCV  
  23  2:25  Barracks Reactor  
  24  2:31  Refinery  
  24  2:35  SCV  
  25  2:47  SCV  
  26  2:59  SCV  
  26  3:00  Starport, Hellion  
  26  3:02  Marine x2  
  31  3:07  Orbital Command  
  31  3:13  SCV  
  32  3:20  Marine x2  
  32  3:22  Factory Tech Lab  
  32  3:25  SCV  
  36  3:34  SCV  
  36  3:35  Liberator  
  36  3:38  SCV  
  37  3:43  Marine x2  
  37  3:45  Siege Tank  
  37  3:46  SCV  
  43  3:50  SCV, Bunker  
  45  3:56  Supply Depot  
  45  3:59  SCV  
  46  4:10  SCV  
  46  4:16  Barracks  
  46  4:18  Siege Tank, Marine x2, Supply Depot, SCV  
  46  4:22  SCV  
  53  4:29  Supply Depot  
  53  4:30  SCV  
  54  4:40  Marine x2, Viking, SCV  
  54  4:42  SCV  
  60  4:52  Barracks  
  60  4:55  SCV x2  
  60  4:56  Refinery  
  60  4:57  Siege Tank  
  60  4:58  Marine  
  66  5:04  Engineering Bay  
  66  5:07  SCV  
  66  5:09  SCV  
  66  5:13  Barracks Tech Lab  
  68  5:19  SCV, Barracks  
  68  5:20  Barracks  
  68  5:21  SCV  
  70  5:30  Marine  
  70  5:31  Supply Depot  
  70  5:33  Marine, Stimpack, Starport Reactor  
  70  5:35  SCV  
  70  5:37  SCV  
  70  5:43  Terran Infantry Weapons Level 1, Marine, Supply Depot  
  70  5:52  Marine  
  70  5:53  SCV  
  72  5:58  SCV  
  72  6:01  Marine x3  
  76  6:05  Siege Tank, SCV  
  76  6:10  Marine  
  81  6:11  Supply Depot  
  81  6:12  Marine  
  81  6:15  Supply Depot  
  81  6:18  Medivac  
  84  6:19  Marine x2  
  86  6:26  Supply Depot  
  86  6:29  Missile Turret  
  86  6:32  Marine x3  
  86  6:33  Medivac, Supply Depot  
  86  6:34  Marine  
  86  6:37  Marine x2  
  93  6:40  SCV, Supply Depot  
  93  6:41  SCV  
  93  6:45  Siege Tank  
  98  6:50  Marine x3  
  98  6:52  Marine  
  102  6:54  Marine x2  
  104  7:01  Supply Depot  
  104  7:06  Supply Depot  
  104  7:07  Medivac  
  104  7:08  Marine x3  
  106  7:09  Marine  
  106  7:10  Medivac  
  106  7:12  Marine x2  
  114  7:18  Supply Depot x2  
  111  7:24  SCV  
  111  7:25  SCV  
  111  7:26  Marine x3  
  111  7:27  Marine  
  116  7:30  Marine x2  
  116  7:33  Combat Shields  
  114  7:44  Marine x3  
  116  7:45  Marine  
  116  7:49  Siege Tank  
  105  7:59  Marine x2  
  105  8:05  Marine x2  
  88  8:09  Marine  
  88  8:10  Marine  
  81  8:17  Marine x2  
  78  8:21  Siege Tank  
  78  8:23  Medivac x2, Marine x2  
  87  8:27  Marine x2  
  89  8:34  Marine  
  89  8:35  Marine  
  89  8:41  Marine x2  
  91  8:45  Marine  
  91  8:47  Marine  
  95  8:52  Marine  
  95  8:53  Siege Tank  
  95  8:54  Marine  
  99  8:56  Medivac  
  99  8:59  Marine  
  99  9:01  Marine  
  103  9:03  Marine  
  103  9:04  Missile Turret  
  103  9:12  Marine  
  103  9:14  Marine  
  103  9:15  Marine  
  103  9:16  Marine  
  103  9:17  Missile Turret  
  106  9:19  Marine  
  106  9:20  Bunker  
  102  9:25  Siege Tank, Marine  
  102  9:29  Marine  
  107  9:32  Marine  
  99  9:39  Marine  
  99  9:40  Marine  
  99  9:41  Marine  
  99  9:43  Marine  
  85  9:47  Marine  
  85  9:50  Marine  
  82  9:57  Marine x2  
  82  9:59  Marine  
  83  10:01  Marine  
  83  10:05  Marine  
  85  10:08  Marine  
  85  10:13  Siege Tank  
  89  10:15  Marine x2  
  89  10:17  Marine  
  89  10:19  Marine  
  92  10:28  Marine x2  
  71  10:33  Marine x2  
  74  10:39  Marine x2  
  74  10:45  Siege Tank  
  74  10:46  Marine  
  74  10:47  Marine  
  76  10:51  Marine x2  
  76  10:56  Marine  
  76  10:57  Marine  
  79  11:04  Marine  
  80  11:05  Marine  
  80  11:07  Liberator x2  
  80  11:09  Marine x2  
  84  11:14  Marine x2  
  84  11:17  Siege Tank  
  86  11:21  Marine  
  86  11:23  Marine  
  94  11:26  Marine  
  94  11:27  Marine  
  94  11:32  Marine x2  
  96  11:39  Marine  
  89  11:41  Marine  
  89  11:44  Marine x2  
  91  11:49  Siege Tank  
  91  11:50  Marine x2  
  96  11:57  Marine  
  96  11:58  Marine  
  92  12:02  Marine x2  
  92  12:07  Medivac x2  
  92  12:08  Marine x2  
  86  12:15  Marine  
  86  12:16  Marine  
  86  12:20  Marine x2  
  89  12:25  Marine  
  89  12:26  Marine  
  89  12:27  Siege Tank  
  94  12:33  Marine  
  94  12:34  Marine  
  96  12:38  Marine x2  
  96  12:43  Marine x2, Liberator  
  100  12:48  Liberator  
  100  12:51  Marine  
  101  12:52  Marine  
  101  12:55  Marine  
  101  12:56  Marine  
  104  13:01  Marine x2  
  108  13:08  Marine  
  108  13:10  Marine  
  112  13:17  Missile Turret  
  107  13:37  Missile Turret  
  107  13:38  Marine  
  107  13:39  Marine  
  107  13:40  Marine  
  100  13:46  Marine  
  100  13:50  Marine  

Tags
 
Add a new tag
Caveats
  • Supply blocks, unpowered buildings, or Contaminate may cause inaccurate times.
  • Supply counts are checked every 10 seconds.